 Dungeon Sprint DCSS version 0.27-a0-95-g5a9077b8ae (webtiles) character file.

Game seed: 9517352395664250454

213492 mhtbhm the Swordmaster (level 16, -34/183 HPs)
             Began as a White Draconian Berserker on Jan 19, 2021.
             Was the Champion of Trog.
             Annihilated by an Orb Guardian (35 damage)
             ... while paralysed by a vampire knight
             ... in the Dungeon (Sprint IX: "|||||||||||||||||||||||||||||").
             The game lasted 00:15:27 (8875 turns).

mhtbhm the Swordmaster (White Draconian Berserker)  Turns: 8875, Time: 00:15:28

Health: -34/183    AC: 15    Str: 24    XL:     16   Next: 96%
Magic:  16/16      EV:  2    Int: 14    God:    Trog [******]
Gold:   218        SH:  0    Dex: 14    Spells: 15/15 levels left

rFire    . . .     SeeInvis .   a - +12 triple sword of Polytheism {flame, Int+4 Dex+3}
rCold    + . .     Faith    .   (shield currently unavailable)
rNeg     . . .     Spirit   .   (armour unavailable)
rPois    +         Reflect  +   v - +0 hat
rElec    .         Harm     .   F - +1 cloak
rCorr    .         Rampage  .   x - +1 pair of gloves
Will     +....     NoTele   +   G - +1 pair of boots
Stlth    ++++......             z - amulet of reflection
HPRegen  0.40/turn              (no ring)
MPRegen  0.15/turn              D - ring of poison resistance

@: paralysed, berserk cooldown, slowed
A: breathe frost, unfitting armour, cold resistance 1, cold-blooded, AC +9
}: 4/17 runes: decaying, serpentine, barnacled, gossamer
a: Breathe Frost, Renounce Religion, Berserk, Trog's Hand, Brothers in Arms


You were in the Dungeon.
You worshipped Trog.
Trog was exalted by your worship.
You visited 1 branch You collected 1994 gold pieces.
You spent 1776 gold pieces at shops.

Inventory:

Hand Weapons
 a - the +12 triple sword of Polytheism (weapon) {flame, Int+4 Dex+3}
   (Trog gifted it to you in the Dungeon)

   It has been specially enchanted to burn those struck by it, causing extra
   injury to most foes and up to half again as much damage against particularly
   susceptible opponents.
   Big, fiery blades are also staple armaments of hydra-hunters.
   It affects your intelligence (+4).
   It affects your dexterity (+3).
Missiles
 j - 31 silver javelins
 A - a throwing net (quivered)
Armour
 u - the +0 tower shield of the Slorg {rC++ rN+}
   (You found it in the Dungeon)

   It greatly protects you from cold.
   It protects you from negative energy.
 v - a +0 hat (worn)
 x - a +1 pair of gloves (worn)
 F - a +1 cloak (worn)
 G - a +1 pair of boots (worn)
Jewellery
 z - an amulet of reflection (around neck)
 B - an uncursed ring of protection from cold
 C - an uncursed ring of willpower
 D - a ring of poison resistance (right hand)
 E - an uncursed ring of see invisible
 I - a cursed -4 ring of strength
Wands
 n - a wand of iceblast (9)
 w - a wand of digging (7)
 y - a wand of random effects (37)
Scrolls
 g - 2 scrolls of blinking
 i - 5 scrolls of remove curse
 l - 2 scrolls of identify
 m - a scroll of fog
 q - a scroll of immolation
 r - 8 scrolls of enchant weapon
 s - 7 scrolls of enchant armour
 t - 3 scrolls of fear
 H - a scroll of torment {unknown}
Potions
 b - 9 potions of curing
 c - 7 potions of heal wounds
 d - 2 potions of haste
 e - 4 potions of magic
 f - 4 potions of berserk rage
 h - a potion of invisibility
 k - a potion of mutation
 o - 3 potions of resistance
 p - 2 potions of might


   Skills:
 O Level 27 Fighting
 O Level 27 Long Blades
 * Level 9.8 Throwing
 + Level 24.7 Dodging
 - Level 10.4 Stealth
 + Level 14.7 Shields
 + Level 10.1 Evocations


You had 15 spell levels left.
You didn't know any spells.
Your spell library was empty.

Dungeon Overview and Level Annotations

Branches:
Dungeon (1/1)

Altars:
Cheibriados
Dithmenos
Elyvilon
Fedhas
Gozag
Hepliaklqana
Kikubaaqudgha
Makhleb
Nemelex Xobeh
Okawaru
Qazlal
Ru
Sif Muna
Trog
Uskayaw
Vehumet
Wu Jian
Xom
Yredelemnul
Zin
The Shining One
Beogh
Jiyva
Lugonu

Shops:
D !:?=


Innate Abilities, Weirdness & Mutations

You can breathe waves of freezing cold.
You can buffet flying creatures when you breathe cold.
Your icy white scales are hard. (AC +9)
You cannot fit into any form of body armour.
Your flesh is cold resistant. (rC+)
You are cold-blooded and may be slowed by cold attacks.


Message History

Your troll goes berserk!
The sentinel's mark upon you fades away.
The Orb Guardian completely misses you.
The ironbrand convoker struggles against the net.
The Orb Guardian hits you!!
* * * LOW HITPOINT WARNING * * *
Something hits you but does no damage. Something bites you but does no damage.
The vault sentinel struggles against the net.
The ironbrand convoker struggles against the net.
You hit something. You burn something. The Orb Guardian hits you!
* * * LOW HITPOINT WARNING * * *
You hear some strange, mumbled words.
You suddenly lose the ability to move!
The vault sentinel blows a loud note on a signal horn!
The vault sentinel struggles against the net.
The net rips apart, and the vault sentinel comes free!
Your troll bites something but does no damage.
Your troll claws something but does no damage.
Your troll barely misses something.
The Orb Guardian hits you!!
You die...

▓..........'...............
▓.▓▓▓▓▓▓▓▓▓▓▓▓▓▓▓▓▓▓▓▓▓▓▓▓▓
▓................))........
▓▓▓▓▓▓▓▓▓▓▓▓▓▓▓▓▓▓▓▓▓▓▓▓▓▓▓
▓....'...))))))))))(....((.
▓.▓▓▓▓▓▓▓▓▓▓▓▓▓▓▓▓▓▓▓▓▓▓▓▓▓
▓........†.................
▓▓▓▓▓▓▓▓▓▓▓▓▓▓▓▓▓▓▓▓▓▓▓▓▓▓▓
+[ppXX@{T)'.(..=....)[)
▓▓▓▓▓▓▓▓▓▓▓▓▓▓▓▓▓▓▓▓▓▓▓


You could see 2 Orb Guardians, a vault sentinel (strong, catching breath), an
ironbrand convoker (caught) and a friendly troll (summoned, berserk).

Vanquished Creatures
  Boris (D)
  Margery (D)
  A golden dragon (D)
  Jory (D)
  A lich (D)
  A quicksilver dragon (D)
  6 shadow dragons (D)
  3 nagarajas (D)
  Donald (D)
  2 ghost moths (D)
  A vault warden (D)
  A frost giant (D)
  Aizul (D)
  2 emperor scorpions (D)
  3 ironheart preservers (D)
  4 stone giants (D)
  Azrael (D)
  2 bunyips (D)
  A spark wasp (D)
  An ettin (D)
  3 merfolk impalers (D)
  7 merfolk javelineers (D)
  2 fire dragons (D)
  Snorg (D)
  A yaktaur captain (D)
  3 great orbs of eyes (D)
  25 vault guards (D)
  Erolcha (D)
  An ice dragon (D)
  5 hydras (D)
  Harold (D)
  2 centaur warriors (D)
  An anaconda (D)
  Erica (D)
  A catoblepas (D)
  2 merfolk aquamancers (D)
  A two-headed ogre (shapeshifter) (D)
  8 ogre magi (D)
  A death knight (D)
  A vampire mage (D)
  An alligator (D)
  A death yak (D)
  An orc high priest (D)
  2 tengu warriors (D)
  2 deep troll shamans (D)
  A shock serpent (D)
  Nergalle (D)
  4 sea snakes (D)
  3 hell knights (D)
  2 iron trolls (D)
  2 goliath frogs (D)
  2 glowing orange brains (D)
  A lindwurm (D)
  6 deep trolls (D)
  8 swamp dragons (D)
  7 orc knights (D)
  An ironbrand convoker (D)
  A deep elf mage (D)
  A manticore (D)
  3 wolf spiders (D)
  3 necromancers (D)
  2 cyclopes (D)
  A will-o-the-wisp (D)
  4 vault sentinels (D)
  Joseph (D)
  5 black mambas (D)
  3 moths of wrath (D)
  4 guardian serpents (D)
  2 cane toads (D)
  2 naga magi (D)
  A gargoyle (D)
  Psyche (D)
  A freezing wraith (D)
  4 komodo dragons (D)
  A rime drake (D)
  5 demonic crawlers (D)
  5 yaktaurs (D)
  3 merfolk (D)
  2 tyrant leeches (D)
  A wind drake (D)
  3 jumping spiders (D)
  A hornet (D)
  2 trolls (D)
  A meliai (shapeshifter) (D)
  A slime creature (D)
  A dream sheep (D)
  2 redbacks (D)
  2 tarantellas (D)
  A wraith (D)
  Eustachio (D)
  A spriggan (D)
  3 yaks (D)
  A wyvern (D)
  3 fire elementals (D)
  5 nagas (D)
  2 hell hounds (D)
  3 water moccasins (D)
  7 orc warriors (D)
  A swamp drake (D)
  A phantom (D)
  An ice beast (D)
  A black bear (shapeshifter) (D)
  A wolf (D)
  An ogre (D)
  2 centaurs (D)
  A big kobold (D)
  A bullfrog (D)
  A quasit (D)
  2 orc priests (D)
  4 orc wizards (D)
  A gnoll (D)
  An adder (D)
  A white imp (D)
  5 worms (D)
  7 orcs (D)
  2 giant cockroaches (D)
  A ball python (D)
  2 frilled lizards (D)
  A giant cockroach simulacrum (D)
282 creatures vanquished.

Vanquished Creatures (collateral kills)
  A vault warden (D)
  A stone giant (D)
  A yaktaur captain (D)
  An ice dragon (D)
  A tengu warrior (D)
  A flayed ghost (D)
  An ugly thing (D)
  A black mamba (D)
  A yaktaur (D)
  4 orc warriors (D)
  A ball python zombie (D)
  A giant cockroach zombie (D)
15 creatures vanquished.

Vanquished Creatures (others)
  A nagaraja (D)
  Ilsuiw (D)
  A merfolk aquamancer (D)
  A bloated husk (D)
4 creatures vanquished.

Grand Total: 301 creatures vanquished

Notes
Turn   | Place    | Note
-------+----------+-------------------------------------------
     0 | D        | mhtbhm the Draconian Berserker began the quest for the Orb.
     0 | D        | Reached XP level 1. HP: 19/19 MP: 1/1
    11 | D        | Reached XP level 2. HP: 25/27 MP: 2/2
    11 | D        | Reached ** piety under Trog
    46 | D        | Noticed a phantom
    58 | D        | Reached *** piety under Trog
    65 | D        | Reached skill level 5 in Fighting
    65 | D        | Reached XP level 3. HP: 27/36 MP: 3/3
    70 | D        | Found a roughly hewn altar of Beogh.
    70 | D        | Found a snail-covered altar of Cheibriados.
    70 | D        | Found a shadowy altar of Dithmenos.
    70 | D        | Found a white marble altar of Elyvilon.
    70 | D        | Found a blossoming altar of Fedhas.
    70 | D        | Found an opulent altar of Gozag.
    71 | D        | Found a hazy altar of Hepliaklqana.
    72 | D        | Found a viscous altar of Jiyva.
    73 | D        | Found an ancient bone altar of Kikubaaqudgha.
    74 | D        | Found a corrupted altar of Lugonu.
    75 | D        | Found a burning altar of Makhleb.
    76 | D        | Found a sparkling altar of Nemelex Xobeh.
    77 | D        | Found an iron altar of Okawaru.
    78 | D        | Found a stormy altar of Qazlal.
    79 | D        | Found a sacrificial altar of Ru.
    80 | D        | Found a shimmering blue altar of Sif Muna.
    81 | D        | Found a bloodstained altar of Trog.
    82 | D        | Found a hide-covered altar of Uskayaw.
    87 | D        | Found a radiant altar of Vehumet.
    88 | D        | Found an ornate altar of the Wu Jian Council.
    89 | D        | Found a shimmering altar of Xom.
    90 | D        | Found a basalt altar of Yredelemnul.
    91 | D        | Found a glowing silver altar of Zin.
    92 | D        | Found a glowing golden altar of the Shining One.
   145 | D        | Killed a phantom
   146 | D        | Reached skill level 5 in Dodging
   146 | D        | Reached XP level 4. HP: 7/45 MP: 4/4
   434 | D        | Noticed a centaur
   434 | D        | Noticed a yak
   434 | D        | Noticed an ogre
   434 | D        | Noticed a centaur
   434 | D        | Noticed a big kobold
   439 | D        | Killed a big kobold
   439 | D        | Reached **** piety under Trog
   440 | D        | Reached XP level 5. HP: 52/52 MP: 5/5
   442 | D        | Killed a centaur
   443 | D        | Reached XP level 6. HP: 61/61 MP: 6/6
   448 | D        | Reached skill level 1 in Stealth
   453 | D        | Killed a yak
   454 | D        | Reached skill level 10 in Long Blades
   454 | D        | Your scales start taking on an icy white colour.
   454 | D        | Reached XP level 7. HP: 70/70 MP: 7/7
   454 | D        | Gained mutation: Your flesh is cold resistant. (rC+) [White
                  | Draconian growth]
   456 | D        | Reached ***** piety under Trog
   499 | D        | Noticed a cyan ugly thing
   499 | D        | Noticed a deep elf mage
   499 | D        | Noticed a troll
   499 | D        | Noticed a tengu warrior
   499 | D        | Noticed a wyvern
   502 | D        | Killed a wyvern
   503 | D        | Reached skill level 10 in Fighting
   513 | D        | Killed a tengu warrior
   514 | D        | Reached XP level 8. HP: 82/82 MP: 8/8
   515 | D        | Killed a troll
   520 | D        | Killed a deep elf mage
   521 | D        | Reached skill level 10 in Dodging
   536 | D        | Killed a cyan ugly thing
   537 | D        | Reached XP level 9. HP: 11/90 MP: 9/9
   537 | D        | Received a gift from Trog
   950 | D        | Noticed a cane toad
   956 | D        | Noticed a rime drake
   958 | D        | Noticed a cane toad
   968 | D        | Killed a cane toad
   970 | D        | Noticed a komodo dragon
   974 | D        | Killed a rime drake
   977 | D        | Killed a cane toad
   978 | D        | Reached skill level 15 in Long Blades
   982 | D        | Killed a komodo dragon
   983 | D        | Reached XP level 10. HP: 85/101 MP: 10/10
  1034 | D        | Noticed a death yak
  1040 | D        | Noticed a catoblepas
  1041 | D        | Received a gift from Trog
  1042 | D        | Noticed a black mamba
  1049 | D        | Killed a death yak
  1061 | D        | Killed a catoblepas
  1062 | D        | Reached skill level 1 in Evocations
  1080 | D        | Killed a black mamba
  1358 | D        | Noticed a lindwurm
  1374 | D        | Received a gift from Trog
  1381 | D        | Killed a lindwurm
  1382 | D        | Reached skill level 15 in Fighting
  1384 | D        | Reached ****** piety under Trog
  1519 | D        | Noticed Psyche
  1526 | D        | Killed Psyche
  1528 | D        | Noticed Erolcha
  1537 | D        | Killed Erolcha
  1537 | D        | Received a gift from Trog
  1538 | D        | Reached XP level 11. HP: 89/113 MP: 11/11
  1550 | D        | Noticed Joseph
  1565 | D        | Killed Joseph
  1733 | D        | Noticed an ettin
  1739 | D        | Received a gift from Trog
  1742 | D        | Killed an ettin
  1748 | D        | Received a gift from Trog
  1991 | D        | Noticed an orc high priest
  2001 | D        | Noticed an orc knight
  2003 | D        | Killed an orc high priest
  2015 | D        | Killed an orc knight
  2016 | D        | Reached skill level 5 in Stealth
  2026 | D        | Received a gift from Trog
  2157 | D        | Got a scorched great sword {god gift}
  2158 | D        | Identified the +5 great sword of Battle {antimagic, rF++
                  | Dex+6} (Trog gifted it to you in the Dungeon)
  2381 | D        | Found Ychaf's Jewellery Boutique.
  2381 | D        | Noticed a deep troll
  2381 | D        | Noticed a deep troll
  2381 | D        | Noticed a deep troll
  2381 | D        | Noticed an iron troll
  2381 | D        | Noticed an ogre mage
  2381 | D        | Noticed an iron troll
  2385 | D        | Noticed an ogre mage
  2386 | D        | Killed an ogre mage
  2392 | D        | Killed an iron troll
  2394 | D        | Killed a deep troll
  2395 | D        | Found Vephainits's Magic Scroll Shop.
  2399 | D        | Killed a deep troll
  2402 | D        | Killed a deep troll
  2402 | D        | Received a gift from Trog
  2405 | D        | Killed an iron troll
  2408 | D        | Killed an ogre mage
  2409 | D        | Reached XP level 12. HP: 46/125 MP: 4/12
  2733 | D        | Found Fejelim's Book Boutique.
  2735 | D        | Noticed an ogre mage
  2736 | D        | Found Runnob's Distillery.
  2738 | D        | Noticed a stone giant
  2749 | D        | Received a gift from Trog
  2754 | D        | Killed a stone giant
  2760 | D        | Killed an ogre mage
  2900 | D        | Bought a scroll of enchant armour for 105 gold pieces
  2900 | D        | Bought a scroll of enchant weapon for 105 gold pieces
  2900 | D        | Bought a scroll of enchant weapon for 105 gold pieces
  2900 | D        | Bought a scroll of immolation for 49 gold pieces
  2904 | D        | Bought a potion of heal wounds for 70 gold pieces
  2904 | D        | Bought a potion of might for 56 gold pieces
  2904 | D        | Bought a potion of curing for 42 gold pieces
  2904 | D        | Bought a potion of curing for 42 gold pieces
  2904 | D        | Bought a potion of haste for 140 gold pieces
  2910 | D        | Bought an uncursed amulet of reflection for 360 gold pieces
  2919 | D        | Bought a +6 ring of strength for 702 gold pieces
  2992 | D        | Noticed Harold
  3005 | D        | Killed Harold
  3212 | D        | Noticed a centaur warrior
  3213 | D        | Noticed a death knight
  3215 | D        | Received a gift from Trog
  3216 | D        | Noticed an ogre mage
  3218 | D        | Killed a centaur warrior
  3225 | D        | Noticed a stone giant
  3234 | D        | Killed a death knight
  3235 | D        | Reached skill level 1 in Shields
  3241 | D        | Killed an ogre mage
  3241 | D        | Noticed a tengu warrior
  3244 | D        | Killed a stone giant
  3250 | D        | Noticed an ice dragon
  3251 | D        | Killed a tengu warrior
  3265 | D        | Killed an ice dragon
  3266 | D        | Received a gift from Trog
  3276 | D        | Got a crystal triple sword {god gift}
  3277 | D        | Identified the +11 triple sword "Axathak" {flame, Will+}
                  | (Trog gifted it to you in the Dungeon)
  3536 | D        | Noticed Erica
  3540 | D        | Killed Erica
  3574 | D        | Noticed Azrael
  3585 | D        | Killed Azrael
  3587 | D        | Received a gift from Trog
  3653 | D        | Noticed a merfolk aquamancer
  3661 | D        | Reached XP level 13. HP: 137/137 MP: 13/13
  3669 | D        | Received a gift from Trog
  3794 | D        | Received a gift from Trog
  3808 | D        | Received a gift from Trog
  3817 | D        | Reached skill level 15 in Dodging
  3826 | D        | Got a crude triple sword {god gift}
  3827 | D        | Identified the +12 triple sword of Polytheism {flame, Int+4
                  | Dex+3} (Trog gifted it to you in the Dungeon)
  3989 | D        | Noticed a bunyip
  3989 | D        | Noticed a bunyip
  3997 | D        | Killed a bunyip
  4005 | D        | Killed a bunyip
  4009 | D        | Received a gift from Trog
  4019 | D        | Reached skill level 5 in Shields
  4312 | D        | Received a gift from Trog
  4314 | D        | Noticed an emperor scorpion
  4327 | D        | Killed an emperor scorpion
  4439 | D        | Noticed Eustachio
  4440 | D        | Noticed Nergalle
  4449 | D        | Killed Nergalle
  4449 | D        | Received a gift from Trog
  4452 | D        | Killed Eustachio
  4476 | D        | Noticed Donald
  4484 | D        | Killed Donald
  4534 | D        | Noticed a spark wasp
  4534 | D        | Noticed a lich
  4536 | D        | Killed a lich
  4537 | D        | Noticed a fire dragon
  4539 | D        | Received a gift from Trog
  4543 | D        | Reached XP level 14. HP: 151/151 MP: 14/14
  4546 | D        | Noticed a frost giant
  4554 | D        | Received a gift from Trog
  4561 | D        | Killed a frost giant
  4563 | D        | Noticed a stone giant
  4566 | D        | Received a gift from Trog
  4577 | D        | Killed a stone giant
  4789 | D        | Noticed a vault warden
  4797 | D        | Received a gift from Trog
  4815 | D        | Killed a vault warden
  5315 | D        | Received a gift from Trog
  5330 | D        | Noticed an ironheart preserver
  5339 | D        | Killed an ironheart preserver
  5358 | D        | Received a gift from Trog
  5360 | D        | Noticed a vault warden
  5369 | D        | Killed a vault warden
  5787 | D        | Noticed Snorg
  5792 | D        | Killed Snorg
  5794 | D        | Received a gift from Trog
  5833 | D        | Noticed Margery
  5845 | D        | Killed Margery
  5846 | D        | Reached XP level 15. HP: 62/166 MP: 15/15
  6204 | D        | Got the +0 tower shield of the Slorg {rC++ rN+}
  6295 | D        | Noticed Jory
  6312 | D        | Killed Jory
  6312 | D        | Received a gift from Trog
  6614 | D        | Noticed a nagaraja
  6614 | D        | Noticed a nagaraja
  6615 | D        | Noticed a nagaraja
  6618 | D        | Reached skill level 27 in Long Blades
  6619 | D        | Killed a nagaraja
  6622 | D        | Received a gift from Trog
  6633 | D        | Killed a nagaraja
  6634 | D        | Killed a nagaraja
  6635 | D        | Noticed a nagaraja
  6636 | D        | Received a gift from Trog
  6654 | D        | Killed a nagaraja
  6656 | D        | Got a serpentine rune of Zot
  6843 | D        | Received a gift from Trog
  6866 | D        | Received a gift from Trog
  6877 | D        | Got a decaying rune of Zot
  7052 | D        | Received a gift from Trog
  7061 | D        | Killed a ghost moth
  7077 | D        | Killed a ghost moth
  7085 | D        | Got a gossamer rune of Zot
  7307 | D        | Noticed Ilsuiw
  7320 | D        | Received a gift from Trog
  7324 | D        | Killed Ilsuiw
  7334 | D        | Reached skill level 10 in Shields
  7339 | D        | Reached skill level 27 in Fighting
  7343 | D        | Received a gift from Trog
  7509 | D        | Got a barnacled rune of Zot
  7749 | D        | Noticed Aizul
  7759 | D        | Killed Aizul
  7831 | D        | Noticed Boris
  7842 | D        | Killed Boris
  7842 | D        | Received a gift from Trog
  7843 | D        | Reached skill level 5 in Evocations
  7843 | D        | Reached XP level 16. HP: 129/183 MP: 16/16
  8023 | D        | Received a gift from Trog
  8038 | D        | Reached skill level 10 in Stealth
  8062 | D        | Received a gift from Trog
  8326 | D        | Reached skill level 1 in Throwing
  8327 | D        | Received a gift from Trog
  8432 | D        | Received a gift from Trog
  8440 | D        | Noticed a shadow dragon
  8442 | D        | Received a gift from Trog
  8443 | D        | Reached skill level 5 in Throwing
  8452 | D        | Noticed a shadow dragon
  8456 | D        | Killed a shadow dragon
  8463 | D        | Killed a shadow dragon
  8480 | D        | Received a gift from Trog
  8826 | D        | Noticed a shadow dragon
  8826 | D        | Noticed a golden dragon
  8826 | D        | Noticed a shadow dragon
  8826 | D        | Noticed a shadow dragon
  8835 | D        | Killed a shadow dragon
  8836 | D        | Noticed a shadow dragon
  8838 | D        | Noticed a quicksilver dragon
  8844 | D        | Killed a golden dragon
  8853 | D        | Killed a shadow dragon
  8861 | D        | Killed a shadow dragon
  8867 | D        | Killed a shadow dragon
  8868 | D        | Reached skill level 10 in Evocations
  8868 | D        | Killed a quicksilver dragon
  8868 | D        | Received a gift from Trog
  8869 | D        | Noticed an Orb Guardian
  8869 | D        | Noticed an Orb Guardian
  8875 | D        | HP: 1/183 [Orb Guardian (16)]
  8875 | D        | Paralysed by something for 2 turns
  8875 | D        | Annihilated by an Orb Guardian

Illustrated notes

Levels and vault maps discovered:
D:        linesprint [early_d, line_temple, items_1, d_10, items_2, lair_1,
          lair_end, items_3, orc_1, orc_end, items_4, d_15, swamp_1, shoals_1,
          snake_1, spider_1, d_20, vaults_1, items_5, swamp_end, shoals_end,
          snake_end, spider_end, vaults_end, d_27, items_6, zot_1, zot_end,
          crypt_end, forest_end, elf_end, slime_end, tomb_end, abyss_end,
          pan_hell_end]

Skill      XL: |  1  2  3  4  5  6  7  8  9 10 11 12 13 14 15 16 |
---------------+-------------------------------------------------+-----
Fighting       | 4 5 6 7 8 9 11 12 13 15 17 19 21 23 27 | 27.0
Dodging        | 3 4 5 6 7 9 10 11 12 13 14 15 16 20 24 | 24.7
Long Blades    | 4 6 7 8 10 12 13 15 17 19 21 24 26 27 | 27.0
Stealth        | 1 2 4 5 7 9 10 | 10.4
Evocations     | 1 2 3 5 10 | 10.1
Shields        | 2 5 7 11 14 | 14.7
Throwing       | 9 |  9.8

Action                   |  1- 3 |  4- 6 |  7- 9 | 10-12 | 13-15 | 16-18 || total
-------------------------+-------+-------+-------+-------+-------+-------++-------
Melee: Falchion          |    40 |       |       |       |       |       ||    40
       Tailslap          |     6 |     1 |     9 |    48 |    71 |    38 ||   173
       Scimitar          |     6 |    17 |    54 |    53 |       |       ||   130
       Great sword       |       |       |       |   123 |       |       ||   123
       Triple sword      |       |       |       |    20 |   346 |   158 ||   524
Throw: Throwing net      |       |       |       |       |       |     2 ||     2
Invok: Berserk           |     2 |     1 |     2 |     9 |    11 |     3 ||    28
       Brothers in Arms  |       |       |     1 |     4 |     2 |     1 ||     8
 Abil: Breathe Frost     |       |       |     1 |     8 |     5 |     3 ||    17
Evoke: Wand              |       |       |     2 |     4 |     8 |       ||    14
  Use: Scroll            |       |       |     1 |     1 |     3 |       ||     5
       Potion            |       |       |       |     3 |     3 |     1 ||     7
 Stab: Sleeping          |       |       |       |       |     2 |       ||     2
       Distracted        |       |       |       |       |     1 |       ||     1
Armor: Skin              |     8 |     2 |    14 |    20 |    45 |    23 ||   112
Dodge: Dodged            |    22 |     7 |    18 |    98 |   208 |   109 ||   462
Block: Other             |       |       |       |    12 |    49 |    24 ||    85
       Reflection        |       |       |       |       |     2 |       ||     2
       Rpst.: Falchion   |     6 |       |       |       |       |       ||     6
       Scimitar          |       |       |     4 |    11 |       |       ||    15
       Great sword       |       |       |       |    16 |       |       ||    16
       Triple sword      |       |       |       |     2 |    27 |    21 ||    50

Table legend: (Time is in decaauts)
 A = Elapsed time spent in this place.
 B = Non-inter-level travel time spent in this place.
 C = Inter-level travel time spent in this place.
 D = Time resting spent in this place.
 E = Time spent auto-exploring this place.
 F = Levels seen in this place.
 G = Mean time per level.
                   A        B        C        D        E       F      G
               +--------+--------+--------+--------+--------+-----+--------+
         Total |   8894 |   8894 |      0 |   5655 |    970 |   1 | 8894.0 |
       Dungeon |   8894 |   8894 |      0 |   5655 |    970 |   1 | 8894.0 |
               +--------+--------+--------+--------+--------+-----+--------+

Top non-repeatable levels by time:
       D: 8894 daAuts
